Map: [ESL] Cosmic Sapphire

Players

Scarlett

  • Race: Zerg Zerg
  • Spawn Location: 5:00

Creator - Winner!

  • Race: Protoss Protoss
  • Spawn Location: 11:00

Event: DreamHack SC2 Masters 2022 Valencia

VOD

Have the link to the VOD?

Description

Time

  • Played on: July 2, 2022, 10:13 a.m.
  • Length: 13:19

All games in this series

Show
View Real Time Build Order
Export as new Build Order

Scarlett Zerg 

Build Orders: Hatch First 

Get SALT Encoding   

  12  0:00  Drone  
  13  0:12  Overlord  
  13  0:16  Drone  
  14  0:30  Drone x2  
  16  0:44  Drone  
  17  0:51  Hatchery  
  17  0:54  Drone  
  17  0:57  Drone  
  18  1:08  Extractor  
  17  1:13  Spawning Pool  
  17  1:17  Drone  
  17  1:19  Drone  
  18  1:27  Drone  
  19  1:38  Drone  
  20  1:48  Overlord  
  20  1:59  Queen  
  22  2:02  Queen, Zergling x2  
  22  2:03  Drone  
  26  2:12  Metabolic Boost  
  26  2:15  Drone x2  
  28  2:25  Zergling x2  
  28  2:28  Drone  
  30  2:39  Queen  
  30  2:42  Overlord, Zergling x2  
  33  2:46  Drone x2  
  35  2:59  Overlord  
  35  3:00  Queen  
  35  3:04  Drone  
  38  3:11  Drone x2  
  40  3:13  Overlord  
  40  3:15  Drone x4  
  44  3:22  Overlord  
  44  3:26  Drone x2  
  46  3:33  Hatchery  
  45  3:35  Extractor  
  45  3:37  Queen  
  46  3:42  Drone x2  
  48  3:50  Drone x2  
  48  3:55  Drone x3  
  53  4:01  Roach Warren, Drone  
  53  4:07  Drone  
  53  4:09  Overlord  
  54  4:15  Zergling x6  
  54  4:16  Zergling x2  
  57  4:19  Overlord  
  57  4:25  Queen  
  57  4:30  Zergling x8  
  62  4:41  Roach x2  
  66  4:48  Roach x2  
  66  4:49  Roach  
  66  4:50  Roach, Zergling x8  
  78  4:54  Zergling x2  
  78  4:58  Overlord  
  79  5:01  Zergling x2  
  79  5:05  Zergling x2  
  79  5:10  Zergling x2  
  75  5:15  Zergling x4  
  75  5:16  Ravager  
  75  5:17  Queen x2  
  77  5:22  Zergling x10  
  77  5:26  Drone x3  
  80  5:32  Zergling x4  
  76  5:37  Zergling x8  
  73  5:43  Drone  
  73  5:47  Drone x5  
  76  5:53  Lair  
  75  5:58  Drone x3  
  78  6:07  Drone x2  
  78  6:10  Extractor  
  78  6:11  Extractor  
  78  6:12  Evolution Chamber  
  78  6:15  Drone x2  
  78  6:17  Drone x4  
  78  6:18  Overlord  
  83  6:19  Drone x2  
  83  6:23  Roach x3  
  91  6:29  Roach x3  
  97  6:34  Overlord  
  97  6:40  Ravager x2  
  97  6:41  Ravager  
  99  6:47  Drone x3  
  99  6:48  Overlord  
  99  6:49  Overlord x3  
  99  6:50  Zerg Missile Weapons Level 1  
  99  6:51  Overseer  
  101  6:58  Drone x5  
  101  7:00  Overseer  
  106  7:02  Overlord x2  
  106  7:04  Glial Reconstitution  
  106  7:14  Drone  
  106  7:20  Hatchery  
  103  7:25  Drone  
  103  7:26  Drone x3, Extractor x2  
  103  7:27  Drone x3  
  103  7:28  Drone  
  103  7:29  Roach x3  
  115  7:33  Roach x3  
  115  7:34  Ravager  
  115  7:35  Ravager  
  123  7:48  Roach x8  
  139  8:02  Drone x3  
  139  8:03  Drone x3  
  145  8:11  Drone x6  
  145  8:12  Drone  
  152  8:23  Overlord x2  
  152  8:24  Overlord x3  
  152  8:26  Roach  
  154  8:29  Roach x2  
  154  8:31  Ravager x2  
  154  8:32  Ravager x3  
  154  8:34  Roach x2  
  167  8:46  Hatchery  
  165  8:48  Roach x4  
  165  8:49  Roach x7  
  165  8:52  Zerg Missile Weapons Level 2  
  165  8:54  Roach  
  165  8:55  Roach x2  
  193  9:02  Roach x2  
  197  9:06  Roach  
  198  9:14  Ravager  
  194  9:30  Drone x9  
  195  9:37  Drone x2  
  195  9:38  Drone  
  193  9:40  Roach x4  
  193  9:44  Infestation Pit  
  183  9:54  Roach x8  
  177  10:04  Roach  
  177  10:05  Roach x13  
  200  10:10  Roach  
  199  10:16  Ravager  
  199  10:21  Overlord  
  200  10:22  Hive  
  200  10:25  Hydralisk Den  
  199  10:34  Roach  
  199  10:35  Roach x2  
  170  10:48  Roach x14  
  170  10:49  Roach x7  
  194  10:57  Overlord  
  194  10:58  Zergling x8  
  194  11:03  Extractor x2  
  196  11:07  Ravager, Zergling x4  
  196  11:08  Zergling x2  
  200  11:20  Evolution Chamber  
  200  11:21  Lurker Den  
  198  11:34  Spine Crawler  
  198  11:35  Spine Crawler  
  196  11:44  Viper x2  
  196  11:45  Zergling x2  
  196  11:46  Zergling x10  
  197  11:52  Roach x8, Zergling x24  
  191  11:58  Spine Crawler  
  191  11:59  Spine Crawler  
  185  12:02  Roach x7  
  185  12:08  Spine Crawler  
  198  12:10  Spine Crawler x2  
  198  12:11  Roach x5  
  198  12:12  Spine Crawler  
  192  12:16  Ravager x2  
  194  12:23  Zergling x10  
  153  12:44  Roach x7  
  153  12:45  Roach x12  
  153  12:50  Roach x3  
  161  12:55  Roach x3  
Show
View Real Time Build Order
Export as new Build Order

Creator Protoss - Winner!

Build Orders: 1 Gate Expand, Mass Adepts 

Get SALT Encoding   

  12  0:00  Probe  
  13  0:13  Pylon  
  13  0:17  Probe (Chrono Boost)  
  14  0:26  Probe (Chrono Boost)  
  15  0:31  Probe (Chrono Boost)  
  16  0:38  Gateway  
  16  0:43  Probe  
  16  0:48  Assimilator  
  17  0:55  Probe  
  18  1:08  Probe  
  19  1:20  Probe  
  20  1:28  Nexus  
  20  1:35  Cybernetics Core  
  20  1:37  Probe  
  21  1:43  Assimilator  
  21  1:49  Probe  
  21  1:53  Pylon  
  22  2:01  Probe  
  23  2:09  Adept (Chrono Boost)  
  23  2:13  Probe  
  26  2:23  Warp Gate  
  26  2:25  Twilight Council  
  26  2:26  Probe  
  27  2:33  Stalker  
  27  2:35  Pylon  
  29  2:39  Probe  
  29  2:41  Probe  
  31  2:47  Pylon  
  31  2:55  Pylon  
  31  2:58  Probe x2 (Chrono Boost)  
  33  3:01  Robotics Facility  
  33  3:10  Adept, Probe x2 (Chrono Boost)  
  37  3:15  Resonating Glaives (Chrono Boost)  
  37  3:16  Probe x2 (Chrono Boost)  
  37  3:17  Gateway  
  39  3:26  Probe x2  
  41  3:37  Gateway  
  41  3:39  Gateway  
  41  3:42  Probe  
  41  3:47  Warp Prism (Chrono Boost)  
  43  3:51  Pylon  
  44  3:55  Pylon  
  44  3:58  Probe  
  44  3:59  Probe  
  46  4:10  Pylon, Probe  
  46  4:12  Adept  
  46  4:15  Adept  
  46  4:16  Observer  
  52  4:20  Probe  
  52  4:22  Probe  
  54  4:32  Pylon  
  54  4:35  Adept x4  
  54  4:36  Probe  
  63  4:39  Assimilator  
  63  4:43  Pylon  
  63  4:44  Pylon  
  63  4:56  Adept x4  
  63  5:30  Adept  
  63  5:31  Adept x3  
  63  5:32  Nexus, Immortal  
  71  5:36  Observer  
  71  5:39  Probe x2  
  59  5:47  Pylon  
  53  5:51  Adept x4, Probe x2  
  61  6:02  Shield Battery  
  61  6:03  Probe x2  
  63  6:05  Shield Battery  
  63  6:13  Adept x4  
  63  6:15  Probe x2 (Chrono Boost)  
  73  6:24  Probe x2 (Chrono Boost)  
  75  6:29  Probe  
  75  6:30  Probe  
  77  6:33  Blink  
  77  6:34  Sentry, Forge  
  77  6:35  Sentry  
  81  6:42  Probe (Chrono Boost)  
  81  6:43  Probe (Chrono Boost)  
  81  6:45  Probe (Chrono Boost)  
  84  6:48  Assimilator  
  84  6:52  Gateway  
  84  6:54  Gateway, Assimilator  
  84  6:56  Assimilator  
  84  6:57  Probe (Chrono Boost)  
  84  6:59  Probe (Chrono Boost)  
  84  7:00  Pylon, Probe (Chrono Boost)  
  87  7:01  Sentry  
  87  7:02  Sentry  
  87  7:04  Protoss Ground Weapons Level 1 (Chrono Boost), Probe x2 (Chrono Boost)  
  93  7:15  Immortal (Chrono Boost)  
  93  7:21  Pylon  
  93  7:22  Stalker  
  99  7:23  Shield Battery  
  99  7:32  Stalker  
  99  7:34  Probe  
  99  7:35  Probe x2, Gateway  
  104  7:38  Gateway  
  104  7:39  Phoenix  
  104  7:41  Observer  
  104  7:43  Photon Cannon  
  104  7:44  Immortal (Chrono Boost)  
  108  7:47  Photon Cannon  
  108  7:48  Pylon  
  108  7:51  Shield Battery  
  108  7:58  Stalker  
  108  7:59  Stalker  
  108  8:02  Stalker, Sentry, Zealot  
  117  8:07  Photon Cannon  
  117  8:09  Shield Battery  
  117  8:16  Robotics Bay  
  117  8:17  Immortal (Chrono Boost)  
  121  8:25  Stalker x4  
  129  8:30  Pylon  
  129  8:46  Robotics Facility  
  129  8:47  Charge, Pylon  
  128  8:53  Stalker x2  
  132  8:56  Nexus, Observer (Chrono Boost)  
  132  8:58  Pylon  
  132  9:02  Stalker x2, Protoss Ground Weapons Level 2 (Chrono Boost)  
  137  9:08  Colossus (Chrono Boost)  
  143  9:19  Stalker x2, Zealot  
  139  9:39  Probe x3  
  139  9:42  Extended Thermal Lance  
  139  9:43  Colossus (Chrono Boost)  
  124  10:03  Stalker x4  
  124  10:04  Stalker x3  
  132  10:08  Probe  
  132  10:09  Probe x2  
  132  10:10  Probe  
  136  10:18  Colossus (Chrono Boost)  
  142  10:27  Zealot  
  142  10:28  Sentry  
  145  10:31  Photon Cannon  
  143  10:37  Zealot x2  
  143  10:38  Cybernetics Core, Zealot x2  
  143  10:46  Colossus (Chrono Boost), Zealot  
  145  10:53  Gateway  
  145  10:56  Probe, Gateway  
  145  10:57  Probe x2  
  148  11:00  Probe  
  149  11:11  Pylon, Warp Prism (Chrono Boost)  
  149  11:16  Sentry x3  
  149  11:17  Stalker x5  
  167  11:23  Pylon  
  167  11:30  Colossus (Chrono Boost)  
  167  11:34  Photon Cannon  
  167  11:37  Pylon  
  169  11:42  Stalker x3  
  170  11:52  Stalker x2  
  170  11:53  Stalker  
  168  12:00  Stalker  
  168  12:03  Sentry x2  
  172  12:13  Zealot x3  
  178  12:15  Stalker x2  
  178  12:16  Stalker  
  178  12:17  Sentry  
  178  12:41  Stalker x8  
  172  12:44  Zealot x2  
  146  13:09  Stalker x8  

Tags
 
Add a new tag
Caveats
  • Supply blocks, unpowered buildings, or Contaminate may cause inaccurate times.
  • Supply counts are checked every 10 seconds.